[ AOE2 MATCH · #475016331 ]
UnrankedPersians vs Malians
[ REPLAY ANALYSIS · EXTRACTED FROM THE RECORDED GAME ]
Feudal
13:45
Castle
17:34
Imperial
37:14
| APM avg | 32.5 |
| APM peak | 71 |
| eAPM avg | 27.7 |
| Villagers / military | 175 / 130 |
Focus
⚔️ 21.4% · 🌾 78.6%
Knight ×51 · Spearman ×45 · Camel Scout ×21 · Fishing Ship ×14 · Trebuchet (Packed) ×8 · Fire Galley ×3
Feudal
15:23
Castle
19:45
Imperial
—
| APM avg | 29.4 |
| APM peak | 79 |
| eAPM avg | 20.1 |
| Villagers / military | 114 / 64 |
Focus
⚔️ 15.3% · 🌾 84.7%
Knight ×57 · Fishing Ship ×16 · Scout Cavalry ×6 · Monk ×1
Feudal
12:34
Castle
20:11
Imperial
34:06
| APM avg | 57.7 |
| APM peak | 105 |
| eAPM avg | 27.2 |
| Villagers / military | 145 / 78 |
Focus
⚔️ 26.7% · 🌾 73.3%
Gbeto ×34 · Fishing Ship ×22 · Camel Scout ×16 · Scout Cavalry ×16 · Galley ×7 · Unknown (2626) ×6
Feudal
12:29
Castle
17:31
Imperial
—
| APM avg | 31.0 |
| APM peak | 81 |
| eAPM avg | 13.2 |
| Villagers / military | 102 / 20 |
Focus
⚔️ 25.7% · 🌾 74.3%
Mangudai ×15 · Fishing Ship ×6 · Battering Ram ×5
Feudal
13:38
Castle
21:29
Imperial
41:23
| APM avg | 45.2 |
| APM peak | 69 |
| eAPM avg | 24.8 |
| Villagers / military | 82 / 41 |
Focus
⚔️ 22.8% · 🌾 77.2%
Elephant Archer ×33 · Fishing Ship ×27 · Unknown (2626) ×8 · Fire Galley ×3 · Urumi Swordsman ×3 · Trebuchet (Packed) ×2
Feudal
13:02
Castle
20:21
Imperial
—
| APM avg | 38.4 |
| APM peak | 71 |
| eAPM avg | 22.5 |
| Villagers / military | 118 / 61 |
Focus
⚔️ 25.4% · 🌾 74.6%
Militia ×35 · Skirmisher ×15 · Fishing Ship ×10 · Spearman ×6 · Konnik ×4 · Mangonel ×1
Feudal
12:38
Castle
—
Imperial
—
| APM avg | 10.5 |
| APM peak | 42 |
| eAPM avg | 5.8 |
| Villagers / military | 51 / 8 |
Focus
⚔️ 20.1% · 🌾 79.9%
Fishing Ship ×7 · Galley ×4 · Fire Galley ×4
Feudal
12:45
Castle
17:16
Imperial
38:30
| APM avg | 32.3 |
| APM peak | 51 |
| eAPM avg | 21.2 |
| Villagers / military | 169 / 93 |
Focus
⚔️ 24.2% · 🌾 75.8%
Archer ×43 · Fishing Ship ×19 · Spearman ×18 · Karambit Warrior ×15 · Trebuchet (Packed) ×9 · Unknown (2626) ×6
Match map
Initial resources + every placement click. Lines = walls · curves = elevation contours. ◆ gold · ⬟ stone · ● berries · ✦ relic · ◌ wall gap
Your base· Open — 14t gap
Bandolero's base· Open — unwalled flank
小刀's base· Open — 4t gap
Eat_Rice's base· Open — 15t gap
飘雪's base· Open — 15t gap
罩wo's base· Open — 14t gap
:) Sir panky mata lobos's base· Open — unwalled flank
Snarkegard's base· Open — 5t gap
Smoothed initial terrain · ◌ = detected wall gap · hover for details
Inputs per minute
— Darth Yoda - - Bandolero
Build order — Darth Yoda
First 150 of 504 actions detected
| 0:21 | Build | Town Center |
| 1:40 | Build | Dock |
| 2:31 | Build | Palisade Wall |
| 2:40 | Build | House |
| 2:43 | Create | Villager (Male) |
| 2:43 | Create | Villager (Male) |
| 2:43 | Create | Villager (Male) |
| 2:44 | Create | Villager (Male) |
| 2:44 | Create | Villager (Male) |
| 3:20 | Create | Fishing Ship |
| 4:04 | Build | House |
| 4:25 | Research | Loom |
| 4:37 | Create | Fishing Ship |
| 4:37 | Create | Fishing Ship |
| 5:02 | Create | Fishing Ship |
| 5:02 | Create | Fishing Ship |
| 5:18 | Create | Villager (Male) |
| 5:37 | Create | Villager (Male) |
| 5:37 | Create | Villager (Male) |
| 5:55 | Create | Villager (Male) |
| 6:03 | Build | House |
| 6:11 | Create | Villager (Male) |
| 6:11 | Create | Villager (Male) |
| 6:35 | Create | Villager (Male) |
| 6:35 | Create | Villager (Male) |
| 6:35 | Create | Villager (Male) |
| 6:38 | Create | Fishing Ship |
| 7:12 | Build | House |
| 7:17 | Create | Villager (Male) |
| 7:35 | Create | Fishing Ship |
| 7:51 | Create | Villager (Male) |
| 8:06 | Build | Lumber Camp |
| 8:10 | Create | Villager (Male) |
| 8:11 | Create | Villager (Male) |
| 8:11 | Create | Villager (Male) |
| 8:25 | Build | House |
| 8:44 | Create | Fishing Ship |
| 8:44 | Create | Fishing Ship |
| 9:11 | Create | Fishing Ship |
| 9:17 | Build | House |
| 9:24 | Create | Villager (Male) |
| 9:36 | Create | Villager (Male) |
| 9:36 | Create | Villager (Male) |
| 9:38 | Create | Fishing Ship |
| 9:52 | Build | Mill |
| 10:07 | Create | Villager (Male) |
| 10:14 | Create | Fishing Ship |
| 10:43 | Build | Palisade Wall |
| 10:48 | Build | Mining Camp |
| 11:01 | Create | Fishing Ship |
| 11:18 | Create | Villager (Male) |
| 11:24 | Build | Lumber Camp |
| 11:35 | Research | Feudal Age |
| 11:48 | Build | House |
| 12:07 | Create | Fishing Ship |
| 12:25 | Build | Dock |
| 12:51 | Create | Villager (Male) |
| 13:45 | Age | Feudal Age |
| 13:47 | Create | Fire Galley |
| 13:52 | Build | House |
| 13:53 | Create | Villager (Male) |
| 14:00 | Build | Blacksmith |
| 14:03 | Build | Market |
| 14:12 | Create | Villager (Male) |
| 14:19 | Create | Fire Galley |
| 14:50 | Build | House |
| 15:09 | Research | Castle Age |
| 15:18 | Research | Double-Bit Axe |
| 15:25 | Create | Fire Galley |
| 15:43 | Build | House |
| 15:44 | Build | House |
| 15:45 | Build | House |
| 15:45 | Build | House |
| 15:54 | Research | Horse Collar |
| 16:11 | Build | Farm |
| 16:14 | Build | Farm |
| 16:17 | Build | Farm |
| 16:20 | Build | Farm |
| 16:23 | Create | Villager (Male) |
| 17:11 | Build | Farm |
| 17:34 | Age | Castle Age |
| 17:38 | Research | Bow Saw |
| 17:39 | Create | Villager (Male) |
| 17:51 | Create | Villager (Male) |
| 17:57 | Build | Town Center |
| 18:06 | Create | Villager (Male) |
| 18:18 | Build | Town Center |
| 18:27 | Create | Villager (Male) |
| 18:34 | Build | Farm |
| 18:37 | Build | Farm |
| 18:40 | Build | Farm |
| 18:45 | Create | Villager (Male) |
| 18:52 | Build | House |
| 18:53 | Build | House |
| 18:54 | Build | House |
| 19:23 | Research | Wheelbarrow |
| 19:32 | Build | Farm |
| 19:37 | Build | Farm |
| 19:46 | Create | Villager (Male) |
| 19:46 | Create | Villager (Male) |
| 19:49 | Build | Farm |
| 19:51 | Build | Farm |
| 19:56 | Create | Villager (Male) |
| 19:58 | Build | Mining Camp |
| 20:00 | Create | Villager (Male) |
| 20:00 | Create | Villager (Male) |
| 20:00 | Create | Villager (Male) |
| 20:24 | Build | Farm |
| 20:26 | Create | Villager (Male) |
| 20:31 | Build | House |
| 20:31 | Build | House |
| 20:32 | Build | House |
| 20:37 | Research | Town Watch |
| 20:39 | Build | Farm |
| 20:43 | Create | Villager (Male) |
| 20:50 | Build | Barracks |
| 20:57 | Create | Villager (Male) |
| 20:57 | Create | Villager (Male) |
| 21:03 | Create | Villager (Male) |
| 21:03 | Create | Villager (Male) |
| 21:29 | Create | Villager (Male) |
| 21:29 | Create | Villager (Male) |
| 21:29 | Create | Villager (Male) |
| 21:32 | Build | Farm |
| 21:34 | Build | Farm |
| 21:36 | Build | Farm |
| 21:38 | Create | Villager (Male) |
| 21:38 | Create | Villager (Male) |
| 21:42 | Build | Stable |
| 21:45 | Create | Villager (Male) |
| 21:47 | Create | Villager (Male) |
| 21:48 | Create | Villager (Male) |
| 21:48 | Create | Villager (Male) |
| 21:55 | Build | Farm |
| 22:05 | Build | Farm |
| 22:08 | Create | Villager (Male) |
| 22:08 | Create | Villager (Male) |
| 22:26 | Create | Villager (Male) |
| 22:33 | Create | Knight |
| 22:33 | Create | Knight |
| 22:35 | Build | Farm |
| 22:37 | Build | Farm |
| 22:45 | Create | Villager (Male) |
| 23:03 | Build | Farm |
| 23:05 | Build | Farm |
| 23:07 | Create | Villager (Male) |
| 23:07 | Create | Villager (Male) |
| 23:09 | Create | Knight |
| 23:15 | Build | Stable |
| 23:26 | Create | Villager (Male) |
Build order — Bandolero
First 150 of 311 actions detected
| 0:06 | Build | Town Center |
| 0:34 | Build | Town Center |
| 1:31 | Build | House |
| 1:32 | Build | House |
| 2:59 | Create | Villager (Male) |
| 2:59 | Create | Villager (Male) |
| 3:00 | Create | Villager (Male) |
| 3:00 | Create | Villager (Male) |
| 3:00 | Create | Villager (Male) |
| 4:06 | Create | Villager (Male) |
| 4:06 | Create | Villager (Male) |
| 4:20 | Research | Loom |
| 4:20 | Create | Villager (Male) |
| 4:20 | Create | Villager (Male) |
| 4:41 | Create | Villager (Male) |
| 4:41 | Create | Villager (Male) |
| 5:17 | Create | Villager (Male) |
| 5:17 | Create | Villager (Male) |
| 5:57 | Create | Villager (Male) |
| 5:58 | Create | Villager (Male) |
| 6:30 | Create | Villager (Male) |
| 6:31 | Create | Villager (Male) |
| 6:38 | Create | Villager (Male) |
| 6:38 | Create | Villager (Male) |
| 6:59 | Build | Dock |
| 7:07 | Create | Villager (Male) |
| 7:07 | Create | Villager (Male) |
| 7:07 | Create | Villager (Male) |
| 7:53 | Create | Fishing Ship |
| 8:04 | Build | House |
| 8:05 | Build | House |
| 8:24 | Build | House |
| 8:33 | Create | Villager (Male) |
| 8:56 | Create | Fishing Ship |
| 9:05 | Create | Villager (Male) |
| 9:27 | Create | Villager (Male) |
| 9:38 | Create | Fishing Ship |
| 10:10 | Create | Villager (Male) |
| 10:23 | Build | Mill |
| 10:29 | Create | Fishing Ship |
| 10:33 | Create | Villager (Male) |
| 10:58 | Build | House |
| 10:59 | Build | House |
| 11:07 | Create | Villager (Male) |
| 11:08 | Create | Villager (Male) |
| 11:10 | Create | Villager (Male) |
| 11:16 | Create | Fishing Ship |
| 11:52 | Build | Mining Camp |
| 12:02 | Create | Villager (Male) |
| 12:05 | Create | Fishing Ship |
| 12:32 | Create | Villager (Male) |
| 13:13 | Research | Feudal Age |
| 13:13 | Research | Feudal Age |
| 13:30 | Build | Dock |
| 13:47 | Create | Villager (Male) |
| 13:47 | Create | Villager (Male) |
| 14:09 | Build | House |
| 14:10 | Build | House |
| 14:15 | Create | Fishing Ship |
| 14:15 | Create | Fishing Ship |
| 14:49 | Build | Lumber Camp |
| 14:55 | Create | Fishing Ship |
| 14:55 | Create | Fishing Ship |
| 15:23 | Age | Feudal Age |
| 15:31 | Build | Blacksmith |
| 15:40 | Build | Palisade Wall |
| 16:00 | Build | Palisade Wall |
| 16:11 | Build | Market |
| 16:14 | Create | Villager (Male) |
| 16:15 | Create | Villager (Male) |
| 16:21 | Build | House |
| 16:22 | Build | House |
| 16:28 | Create | Fishing Ship |
| 16:41 | Build | House |
| 17:05 | Research | Castle Age |
| 17:06 | Research | Castle Age |
| 17:12 | Build | Barracks |
| 17:32 | Research | Double-Bit Axe |
| 17:56 | Build | Stable |
| 18:18 | Research | Tech 906 |
| 18:20 | Create | Fishing Ship |
| 18:20 | Create | Fishing Ship |
| 18:29 | Create | Fishing Ship |
| 18:42 | Create | Villager (Male) |
| 19:21 | Create | Fishing Ship |
| 19:26 | Create | Fishing Ship |
| 19:45 | Age | Castle Age |
| 19:50 | Create | Knight |
| 20:02 | Build | Town Center |
| 20:05 | Create | Villager (Male) |
| 20:24 | Create | Villager (Male) |
| 20:43 | Build | Town Center |
| 20:51 | Create | Villager (Male) |
| 20:53 | Research | Wheelbarrow |
| 20:54 | Research | Town Watch |
| 21:01 | Build | Farm |
| 21:24 | Create | Villager (Male) |
| 21:29 | Build | Farm |
| 21:29 | Build | Farm |
| 21:29 | Build | Farm |
| 21:29 | Build | Farm |
| 21:30 | Build | Farm |
| 21:30 | Build | Farm |
| 21:30 | Build | Farm |
| 21:39 | Research | Scale Barding Armor |
| 21:49 | Build | Farm |
| 21:49 | Build | Farm |
| 21:49 | Build | Farm |
| 21:51 | Create | Villager (Male) |
| 21:55 | Build | Farm |
| 22:05 | Create | Villager (Male) |
| 22:21 | Create | Villager (Male) |
| 22:47 | Create | Villager (Male) |
| 22:51 | Build | Farm |
| 22:53 | Create | Villager (Male) |
| 22:53 | Create | Villager (Male) |
| 23:14 | Create | Villager (Male) |
| 23:14 | Create | Villager (Male) |
| 23:31 | Create | Villager (Male) |
| 23:33 | Build | Farm |
| 23:42 | Build | Stable |
| 23:43 | Build | Stable |
| 23:51 | Research | Bloodlines |
| 24:01 | Research | Forging |
| 24:09 | Build | Farm |
| 24:16 | Build | Farm |
| 24:16 | Build | Farm |
| 24:17 | Build | Farm |
| 24:17 | Build | Farm |
| 24:17 | Build | Farm |
| 24:17 | Build | Farm |
| 24:20 | Create | Villager (Male) |
| 24:20 | Create | Villager (Male) |
| 24:38 | Build | Farm |
| 24:41 | Create | Knight |
| 24:41 | Create | Knight |
| 24:41 | Create | Knight |
| 24:49 | Create | Knight |
| 24:54 | Build | Monastery |
| 24:57 | Create | Knight |
| 24:58 | Create | Knight |
| 25:03 | Create | Knight |
| 25:03 | Create | Knight |
| 25:28 | Create | Villager (Male) |
| 25:28 | Create | Villager (Male) |
| 25:40 | Create | Knight |
| 25:40 | Create | Knight |
| 25:54 | Create | Knight |
| 25:55 | Create | Knight |
| 25:55 | Create | Scout Cavalry |
Build order — 小刀
First 150 of 429 actions detected
| 0:15 | Build | Town Center |
| 1:02 | Build | House |
| 1:05 | Build | Dock |
| 2:37 | Create | Villager (Male) |
| 2:38 | Create | Villager (Male) |
| 2:38 | Create | Villager (Male) |
| 2:39 | Create | Villager (Male) |
| 2:39 | Create | Villager (Male) |
| 3:30 | Create | Fishing Ship |
| 3:31 | Create | Fishing Ship |
| 3:46 | Build | House |
| 4:23 | Create | Villager (Male) |
| 4:23 | Create | Villager (Male) |
| 4:28 | Create | Fishing Ship |
| 4:28 | Create | Fishing Ship |
| 4:59 | Create | Villager (Male) |
| 4:59 | Create | Villager (Male) |
| 5:23 | Research | Loom |
| 5:23 | Research | Loom |
| 5:26 | Create | Fishing Ship |
| 5:27 | Create | Fishing Ship |
| 5:34 | Create | Villager (Male) |
| 5:35 | Create | Villager (Male) |
| 5:51 | Create | Villager (Male) |
| 5:52 | Create | Villager (Male) |
| 6:30 | Create | Villager (Male) |
| 6:30 | Create | Villager (Male) |
| 6:34 | Create | Villager (Male) |
| 6:34 | Create | Villager (Male) |
| 6:39 | Build | House |
| 6:49 | Build | House |
| 6:57 | Create | Fishing Ship |
| 7:00 | Create | Villager (Male) |
| 7:01 | Create | Villager (Male) |
| 7:03 | Create | Villager (Male) |
| 7:03 | Create | Villager (Male) |
| 7:33 | Create | Villager (Male) |
| 7:41 | Create | Fishing Ship |
| 7:41 | Create | Fishing Ship |
| 8:04 | Create | Villager (Male) |
| 8:04 | Create | Villager (Male) |
| 8:08 | Create | Villager (Male) |
| 8:31 | Build | Mining Camp |
| 8:35 | Build | House |
| 9:21 | Build | Mill |
| 9:38 | Create | Fishing Ship |
| 9:38 | Create | Fishing Ship |
| 9:40 | Create | Villager (Male) |
| 10:14 | Research | Feudal Age |
| 10:14 | Research | Feudal Age |
| 10:56 | Build | Dock |
| 11:01 | Create | Villager (Male) |
| 11:03 | Build | House |
| 11:22 | Create | Villager (Male) |
| 11:41 | Build | Dock |
| 12:34 | Age | Feudal Age |
| 12:35 | Create | Transport Ship |
| 12:36 | Create | Transport Ship |
| 12:36 | Create | Transport Ship |
| 12:43 | Create | Galley |
| 12:44 | Create | Galley |
| 12:44 | Create | Galley |
| 12:46 | Create | Villager (Male) |
| 13:01 | Build | Lumber Camp |
| 13:29 | Create | Galley |
| 13:38 | Create | Villager (Male) |
| 13:42 | Research | Double-Bit Axe |
| 13:42 | Research | Double-Bit Axe |
| 13:55 | Create | Villager (Male) |
| 14:31 | Create | Galley |
| 14:31 | Create | Galley |
| 14:38 | Create | Villager (Male) |
| 14:49 | Build | Blacksmith |
| 14:56 | Create | Galley |
| 14:58 | Create | Villager (Male) |
| 16:18 | Create | Unit 2626 |
| 16:19 | Create | Unit 2626 |
| 16:19 | Create | Unit 2626 |
| 16:26 | Create | Villager (Male) |
| 16:29 | Research | Fletching |
| 16:30 | Research | Fletching |
| 16:47 | Create | Villager (Male) |
| 16:50 | Build | Market |
| 17:19 | Create | Unit 2626 |
| 17:19 | Create | Unit 2626 |
| 17:20 | Create | Unit 2626 |
| 17:25 | Create | Villager (Male) |
| 17:27 | Build | House |
| 17:27 | Build | House |
| 17:31 | Research | Castle Age |
| 17:32 | Research | Castle Age |
| 18:05 | Research | Horse Collar |
| 18:05 | Research | Horse Collar |
| 18:44 | Research | Gold Mining |
| 18:51 | Build | Farm |
| 18:52 | Build | Farm |
| 18:53 | Build | Farm |
| 18:57 | Build | Farm |
| 18:58 | Build | Farm |
| 19:01 | Build | House |
| 19:02 | Build | House |
| 19:03 | Build | House |
| 20:11 | Age | Castle Age |
| 20:12 | Research | War Galley (upgrade) |
| 20:12 | Research | War Galley (upgrade) |
| 20:15 | Research | Bodkin Arrow |
| 20:16 | Research | Bodkin Arrow |
| 20:17 | Create | Villager (Male) |
| 20:19 | Create | Villager (Male) |
| 20:23 | Build | Town Center |
| 20:27 | Build | Town Center |
| 20:37 | Build | University |
| 20:53 | Create | Villager (Male) |
| 20:54 | Create | Villager (Male) |
| 20:56 | Build | House |
| 21:05 | Create | Villager (Male) |
| 21:38 | Create | Villager (Male) |
| 21:39 | Create | Villager (Male) |
| 21:42 | Build | Farm |
| 21:43 | Create | Villager (Male) |
| 21:46 | Build | Farm |
| 21:46 | Build | Farm |
| 21:50 | Research | Ballistics |
| 21:51 | Research | Ballistics |
| 21:52 | Create | Villager (Male) |
| 21:53 | Build | House |
| 21:56 | Create | Fishing Ship |
| 22:04 | Create | Villager (Male) |
| 22:05 | Create | Villager (Male) |
| 22:05 | Create | Villager (Male) |
| 22:32 | Create | Villager (Male) |
| 22:55 | Build | House |
| 22:56 | Build | House |
| 22:58 | Create | Fishing Ship |
| 22:58 | Create | Fishing Ship |
| 22:58 | Create | Fishing Ship |
| 23:02 | Research | Tech 906 |
| 23:02 | Research | Tech 906 |
| 23:07 | Create | Villager (Male) |
| 23:11 | Create | Villager (Male) |
| 23:26 | Create | Villager (Male) |
| 23:28 | Build | Farm |
| 23:28 | Build | Farm |
| 23:30 | Build | Farm |
| 23:32 | Create | Villager (Male) |
| 23:35 | Build | Farm |
| 23:36 | Build | Farm |
| 23:37 | Build | Farm |
| 23:44 | Create | Villager (Male) |
| 23:45 | Create | Villager (Male) |
Build order — Eat_Rice
First 150 of 174 actions detected
| 0:32 | Build | Town Center |
| 0:57 | Build | Dock |
| 0:58 | Build | House |
| 2:45 | Create | Villager (Male) ×4 |
| 3:48 | Create | Fishing Ship |
| 4:17 | Create | Villager (Male) |
| 4:34 | Build | House |
| 4:38 | Research | Loom |
| 4:54 | Create | Villager (Male) |
| 5:16 | Create | Villager (Male) |
| 5:22 | Create | Fishing Ship |
| 6:00 | Create | Villager (Male) ×2 |
| 6:22 | Build | House |
| 6:28 | Create | Villager (Male) |
| 6:31 | Create | Fishing Ship |
| 7:07 | Create | Villager (Male) |
| 7:26 | Build | House |
| 7:32 | Create | Fishing Ship |
| 7:38 | Create | Villager (Male) |
| 8:14 | Create | Villager (Male) |
| 8:15 | Create | Fishing Ship |
| 8:35 | Create | Villager (Male) |
| 8:44 | Create | Villager (Male) |
| 8:56 | Build | Mining Camp |
| 9:12 | Create | Villager (Male) |
| 9:43 | Create | Villager (Male) |
| 10:05 | Build | Mining Camp |
| 10:06 | Create | Fishing Ship |
| 10:09 | Build | House |
| 10:11 | Research | Feudal Age |
| 10:44 | Build | Mill |
| 11:42 | Create | Villager (Male) |
| 12:29 | Age | Feudal Age |
| 12:44 | Build | Market |
| 12:51 | Create | Villager (Male) |
| 12:56 | Build | Blacksmith |
| 13:07 | Create | Villager (Male) |
| 14:00 | Build | Lumber Camp |
| 14:51 | Research | Castle Age |
| 15:04 | Build | Palisade Wall |
| 15:37 | Research | Double-Bit Axe |
| 15:43 | Build | Farm |
| 15:44 | Build | Farm |
| 15:50 | Build | Farm |
| 15:51 | Build | Farm |
| 16:13 | Create | Villager (Male) |
| 17:31 | Age | Castle Age |
| 17:43 | Build | Castle |
| 17:55 | Create | Villager (Male) |
| 17:56 | Research | Bow Saw |
| 18:13 | Create | Villager (Male) |
| 18:38 | Create | Villager (Male) |
| 18:55 | Create | Mangudai |
| 18:57 | Build | House |
| 19:01 | Create | Villager (Male) |
| 19:30 | Create | Villager (Male) |
| 20:04 | Create | Mangudai |
| 20:27 | Create | Villager (Male) |
| 20:33 | Build | Town Center |
| 20:36 | Create | Villager (Male) |
| 20:43 | Create | Villager (Male) |
| 20:57 | Create | Mangudai |
| 21:01 | Create | Villager (Male) |
| 21:09 | Research | Gold Mining |
| 21:28 | Create | Villager (Male) |
| 21:51 | Create | Mangudai |
| 22:17 | Research | Fletching |
| 22:22 | Create | Villager (Male) |
| 22:31 | Create | Mangudai |
| 22:32 | Create | Villager (Male) |
| 22:35 | Create | Villager (Male) |
| 22:39 | Create | Villager (Male) |
| 22:57 | Create | Mangudai |
| 23:13 | Research | Bodkin Arrow |
| 23:14 | Create | Villager (Male) |
| 23:17 | Create | Villager (Male) |
| 23:19 | Build | Farm |
| 23:20 | Build | Farm |
| 23:31 | Build | Farm |
| 23:32 | Build | Farm |
| 23:44 | Build | House |
| 23:47 | Build | Lumber Camp |
| 23:55 | Create | Villager (Male) |
| 23:59 | Build | Farm |
| 24:23 | Build | House |
| 24:26 | Build | House |
| 24:28 | Create | Mangudai |
| 24:53 | Create | Villager (Male) |
| 25:00 | Create | Villager (Male) |
| 25:05 | Create | Mangudai |
| 25:18 | Create | Villager (Male) |
| 25:42 | Create | Villager (Male) |
| 26:28 | Build | Town Center |
| 26:36 | Create | Villager (Male) |
| 26:45 | Build | Farm |
| 26:55 | Create | Villager (Male) |
| 27:05 | Create | Villager (Male) |
| 27:10 | Create | Villager (Male) ×4 |
| 27:53 | Create | Villager (Male) |
| 27:54 | Create | Villager (Male) |
| 28:14 | Create | Villager (Male) |
| 28:21 | Build | Farm |
| 28:22 | Build | Farm |
| 29:12 | Create | Mangudai |
| 29:14 | Create | Villager (Male) |
| 29:32 | Create | Mangudai |
| 29:52 | Create | Villager (Male) |
| 29:58 | Create | Villager (Male) |
| 30:00 | Create | Villager (Male) |
| 30:13 | Create | Villager (Male) |
| 30:15 | Build | Market |
| 30:57 | Build | Castle |
| 31:06 | Create | Villager (Male) |
| 31:10 | Build | Farm |
| 31:13 | Build | Farm |
| 31:26 | Build | Siege Workshop |
| 31:34 | Create | Villager (Male) ×3 |
| 31:44 | Create | Villager (Male) ×5 |
| 31:47 | Build | Lumber Camp |
| 32:04 | Build | Mining Camp |
| 32:07 | Build | University |
| 32:22 | Create | Battering Ram |
| 32:29 | Create | Villager (Male) |
| 32:33 | Create | Battering Ram |
| 32:42 | Create | Villager (Male) |
| 32:52 | Create | Villager (Male) |
| 33:12 | Create | Battering Ram |
| 33:20 | Research | Ballistics |
| 33:39 | Create | Villager (Male) ×4 |
| 33:42 | Create | Battering Ram |
| 34:25 | Create | Battering Ram |
| 34:26 | Create | Mangudai |
| 34:33 | Create | Villager (Male) |
| 34:51 | Research | Wheelbarrow |
| 34:54 | Build | Farm |
| 34:55 | Build | Farm |
| 34:56 | Build | Farm |
| 34:58 | Build | Farm |
| 35:00 | Build | Farm |
| 35:09 | Create | Villager (Male) |
| 36:04 | Build | Castle |
| 36:24 | Create | Villager (Male) |
| 36:27 | Build | Town Center |
| 36:54 | Build | Mill |
| 37:08 | Create | Villager (Male) |
| 37:22 | Create | Villager (Male) |
| 37:23 | Build | Lumber Camp |
| 37:52 | Create | Mangudai |
| 37:52 | Create | Mangudai |
| 37:53 | Create | Mangudai |
Build order — 飘雪
First 150 of 269 actions detected
| 0:23 | Build | Town Center |
| 0:42 | Build | Town Center |
| 1:56 | Build | Dock |
| 2:02 | Build | Palisade Wall |
| 2:50 | Build | Palisade Wall |
| 3:15 | Create | Villager (Male) |
| 3:15 | Create | Villager (Male) |
| 3:15 | Create | Villager (Male) |
| 3:15 | Create | Villager (Male) |
| 3:16 | Create | Villager (Male) |
| 4:10 | Create | Fishing Ship |
| 4:11 | Create | Fishing Ship |
| 4:40 | Build | House |
| 4:45 | Research | Loom |
| 5:35 | Create | Villager (Male) |
| 5:36 | Create | Villager (Male) |
| 5:49 | Create | Fishing Ship |
| 5:50 | Create | Fishing Ship |
| 6:10 | Create | Villager (Male) |
| 6:43 | Build | House |
| 6:47 | Build | House |
| 6:54 | Create | Villager (Male) |
| 6:54 | Create | Villager (Male) |
| 7:00 | Create | Fishing Ship |
| 7:00 | Create | Fishing Ship |
| 7:30 | Create | Villager (Male) |
| 7:30 | Create | Villager (Male) |
| 7:45 | Create | Fishing Ship |
| 7:45 | Create | Fishing Ship |
| 7:48 | Create | Villager (Male) |
| 7:48 | Create | Villager (Male) |
| 8:24 | Create | Villager (Male) |
| 8:24 | Create | Villager (Male) |
| 8:31 | Build | House |
| 9:06 | Create | Villager (Male) |
| 9:07 | Create | Villager (Male) |
| 9:09 | Create | Fishing Ship |
| 9:30 | Create | Fishing Ship |
| 9:37 | Create | Villager (Male) |
| 9:53 | Create | Fishing Ship |
| 10:09 | Build | House |
| 10:11 | Create | Villager (Male) |
| 10:30 | Build | Mill |
| 10:51 | Create | Villager (Male) |
| 11:28 | Research | Feudal Age |
| 11:42 | Build | Mining Camp |
| 11:54 | Build | House |
| 12:39 | Build | Dock |
| 12:47 | Build | Palisade Wall |
| 12:48 | Build | Palisade Wall |
| 13:01 | Create | Villager (Male) |
| 13:06 | Create | Villager (Male) |
| 13:16 | Build | House |
| 13:16 | Build | House |
| 13:18 | Build | House |
| 13:38 | Age | Feudal Age |
| 13:40 | Create | Unit 2626 |
| 13:40 | Create | Unit 2626 |
| 13:42 | Create | Unit 2626 |
| 13:42 | Create | Unit 2626 |
| 13:49 | Create | Villager (Male) |
| 14:08 | Build | Lumber Camp |
| 15:00 | Create | Villager (Male) |
| 15:00 | Create | Villager (Male) |
| 15:09 | Build | Market |
| 15:18 | Build | Market |
| 15:45 | Research | Tech 906 |
| 15:45 | Research | Tech 906 |
| 15:47 | Create | Villager (Male) |
| 15:48 | Create | Villager (Male) |
| 15:56 | Build | Blacksmith |
| 16:00 | Create | Villager (Male) |
| 16:15 | Build | Mining Camp |
| 16:34 | Build | House |
| 16:35 | Build | House |
| 17:07 | Create | Villager (Male) |
| 17:21 | Create | Fishing Ship |
| 17:21 | Create | Fishing Ship |
| 17:50 | Build | House |
| 17:51 | Build | Palisade Wall |
| 18:15 | Build | Dock |
| 18:18 | Create | Villager (Male) |
| 18:21 | Create | Villager (Male) |
| 18:50 | Research | Castle Age |
| 18:50 | Research | Castle Age |
| 19:09 | Create | Fishing Ship |
| 19:09 | Create | Fishing Ship |
| 19:20 | Create | Unit 2626 |
| 19:20 | Create | Unit 2626 |
| 19:20 | Create | Unit 2626 |
| 19:20 | Create | Unit 2626 |
| 19:36 | Research | Double-Bit Axe |
| 19:38 | Create | Villager (Male) |
| 20:35 | Build | Dock |
| 20:46 | Create | Villager (Male) |
| 20:55 | Create | Villager (Male) |
| 21:10 | Build | Farm |
| 21:11 | Build | Farm |
| 21:13 | Research | Horse Collar |
| 21:29 | Age | Castle Age |
| 21:34 | Research | Gillnets |
| 21:35 | Research | War Galley (upgrade) |
| 21:44 | Create | Fire Galley |
| 21:44 | Create | Fire Galley |
| 21:44 | Create | Fire Galley |
| 21:53 | Create | Villager (Male) |
| 22:23 | Build | Barracks |
| 22:28 | Build | House |
| 22:49 | Build | Castle |
| 22:56 | Create | Villager (Male) |
| 23:40 | Build | Archery Range |
| 24:05 | Build | Castle |
| 24:08 | Create | Villager (Male) |
| 24:09 | Create | Villager (Male) |
| 24:30 | Create | Elephant Archer |
| 24:52 | Create | Villager (Male) |
| 25:09 | Create | Villager (Male) |
| 25:10 | Create | Villager (Male) |
| 25:12 | Create | Villager (Male) |
| 25:27 | Create | Elephant Archer |
| 25:27 | Create | Elephant Archer |
| 26:25 | Build | Town Center |
| 26:27 | Create | Villager (Male) |
| 26:28 | Create | Villager (Male) |
| 26:29 | Research | Heavy Plow |
| 26:33 | Research | Gold Mining |
| 27:00 | Create | Villager (Male) |
| 27:00 | Create | Villager (Male) |
| 27:06 | Create | Villager (Male) |
| 27:50 | Build | Dock |
| 27:56 | Create | Fishing Ship |
| 27:56 | Create | Fishing Ship |
| 27:57 | Create | Fishing Ship |
| 27:57 | Create | Fishing Ship |
| 27:57 | Create | Fishing Ship |
| 28:11 | Create | Villager (Male) |
| 28:11 | Create | Villager (Male) |
| 28:11 | Create | Villager (Male) |
| 28:12 | Create | Villager (Male) |
| 28:17 | Build | Dock |
| 28:47 | Create | Villager (Male) |
| 28:48 | Create | Villager (Male) |
| 29:10 | Build | Stable |
| 29:12 | Research | Thumb Ring |
| 29:12 | Research | Thumb Ring |
| 29:14 | Create | Villager (Male) |
| 29:14 | Create | Villager (Male) |
| 29:24 | Build | Dock |
| 29:26 | Create | Fishing Ship |
| 29:27 | Create | Fishing Ship |
Build order — 罩wo
First 150 of 283 actions detected
| 0:04 | Build | Town Center |
| 0:36 | Build | Dock |
| 1:16 | Build | House |
| 2:28 | Create | Villager (Male) |
| 2:28 | Create | Villager (Male) |
| 2:30 | Create | Villager (Male) |
| 2:30 | Create | Villager (Male) |
| 2:30 | Create | Villager (Male) |
| 3:28 | Research | Loom |
| 3:41 | Create | Fishing Ship |
| 3:43 | Create | Villager (Male) |
| 3:52 | Research | Loom |
| 4:45 | Create | Villager (Male) |
| 4:55 | Create | Fishing Ship |
| 5:16 | Create | Villager (Male) |
| 5:34 | Create | Fishing Ship |
| 5:44 | Create | Villager (Male) |
| 5:44 | Create | Villager (Male) |
| 5:58 | Build | House |
| 6:13 | Create | Villager (Male) |
| 6:39 | Create | Villager (Male) |
| 6:40 | Create | Villager (Male) |
| 6:48 | Create | Villager (Male) |
| 6:55 | Create | Villager (Male) |
| 7:12 | Build | House |
| 7:18 | Create | Fishing Ship |
| 7:32 | Create | Villager (Male) |
| 7:48 | Create | Fishing Ship |
| 7:49 | Create | Villager (Male) |
| 7:49 | Create | Villager (Male) |
| 8:13 | Create | Villager (Male) |
| 8:13 | Create | Villager (Male) |
| 8:36 | Create | Villager (Male) |
| 8:36 | Create | Villager (Male) |
| 8:37 | Create | Villager (Male) |
| 8:40 | Create | Fishing Ship |
| 8:41 | Create | Villager (Male) |
| 8:42 | Create | Villager (Male) |
| 8:53 | Build | House |
| 8:53 | Create | Villager (Male) |
| 8:53 | Create | Villager (Male) |
| 9:26 | Build | House |
| 9:36 | Create | Fishing Ship |
| 10:07 | Build | Mining Camp |
| 10:36 | Build | Mill |
| 10:51 | Research | Feudal Age |
| 11:39 | Build | Barracks |
| 11:48 | Build | House |
| 12:12 | Create | Villager (Male) |
| 12:12 | Create | Villager (Male) |
| 12:21 | Build | Lumber Camp |
| 12:24 | Build | House |
| 12:34 | Create | Militia |
| 12:35 | Create | Militia |
| 12:35 | Create | Militia |
| 12:35 | Create | Militia |
| 12:42 | Create | Militia |
| 12:45 | Create | Villager (Male) |
| 13:02 | Age | Feudal Age |
| 13:06 | Create | Villager (Male) |
| 13:10 | Research | Double-Bit Axe |
| 13:32 | Create | Villager (Male) |
| 13:35 | Build | House |
| 13:47 | Research | Town Watch |
| 13:48 | Create | Villager (Male) |
| 14:05 | Create | Villager (Male) |
| 14:21 | Create | Villager (Male) |
| 14:23 | Build | House |
| 14:30 | Create | Militia |
| 14:39 | Create | Villager (Male) |
| 14:54 | Create | Villager (Male) |
| 14:58 | Build | House |
| 15:32 | Build | House |
| 15:50 | Create | Militia |
| 15:51 | Research | Arson |
| 15:53 | Create | Villager (Male) |
| 15:59 | Build | Market |
| 16:01 | Create | Villager (Male) |
| 16:05 | Build | Blacksmith |
| 16:14 | Create | Militia |
| 16:20 | Create | Villager (Male) |
| 16:33 | Create | Militia |
| 16:46 | Create | Villager (Male) |
| 17:05 | Create | Villager (Male) |
| 17:17 | Build | Watch Tower |
| 17:39 | Research | Castle Age |
| 17:54 | Create | Villager (Male) |
| 17:56 | Build | House |
| 17:59 | Create | Militia |
| 18:10 | Create | Militia |
| 18:11 | Create | Militia |
| 18:30 | Research | Gold Mining |
| 18:59 | Create | Villager (Male) |
| 19:06 | Research | Scale Mail Armor |
| 19:11 | Build | Barracks |
| 19:23 | Create | Villager (Male) |
| 19:25 | Build | Mining Camp |
| 20:03 | Create | Villager (Male) |
| 20:09 | Research | Forging |
| 20:21 | Age | Castle Age |
| 20:23 | Create | Villager (Male) |
| 20:27 | Build | Siege Workshop |
| 20:30 | Create | Villager (Male) |
| 20:36 | Research | Squires |
| 20:36 | Create | Militia |
| 20:37 | Create | Militia |
| 20:37 | Create | Militia |
| 21:13 | Build | Mining Camp |
| 21:15 | Create | Mangonel |
| 21:25 | Create | Militia |
| 21:25 | Create | Militia |
| 21:26 | Create | Militia |
| 21:26 | Create | Militia |
| 21:26 | Create | Militia |
| 21:26 | Create | Militia |
| 21:29 | Create | Villager (Male) |
| 21:51 | Build | Farm |
| 22:07 | Create | Villager (Male) |
| 22:30 | Research | Chain Mail Armor |
| 22:39 | Create | Villager (Male) |
| 22:51 | Create | Militia |
| 22:52 | Create | Militia |
| 23:13 | Create | Villager (Male) |
| 23:27 | Build | Dock |
| 23:31 | Create | Villager (Male) |
| 23:45 | Research | Gambesons |
| 23:46 | Create | Militia |
| 23:46 | Create | Militia |
| 23:47 | Create | Militia |
| 23:56 | Build | Mill |
| 24:04 | Create | Villager (Male) |
| 24:20 | Create | Militia |
| 24:20 | Create | Militia |
| 24:25 | Build | House |
| 24:27 | Build | House |
| 24:47 | Build | Castle |
| 24:55 | Create | Militia |
| 24:55 | Create | Militia |
| 24:59 | Build | House |
| 25:02 | Build | Farm |
| 25:40 | Create | Militia |
| 25:40 | Create | Militia |
| 25:52 | Create | Militia |
| 25:52 | Create | Militia |
| 25:53 | Create | Militia |
| 26:07 | Create | Villager (Male) |
| 26:10 | Build | Farm |
| 26:23 | Create | Villager (Male) |
| 26:36 | Build | Town Center |
| 26:40 | Create | Konnik |
Build order — :) Sir panky mata lobos
101 actions detected in the replay
| 0:15 | Build | Dock |
| 0:19 | Build | House |
| 0:27 | Build | Town Center |
| 3:02 | Create | Villager (Male) |
| 3:02 | Create | Villager (Male) |
| 3:02 | Create | Villager (Male) |
| 3:03 | Create | Villager (Male) |
| 3:03 | Create | Villager (Male) |
| 3:03 | Create | Villager (Male) |
| 3:39 | Create | Villager (Male) |
| 4:17 | Create | Fishing Ship |
| 4:30 | Build | House |
| 4:56 | Research | Loom |
| 5:12 | Create | Fishing Ship |
| 5:25 | Create | Villager (Male) |
| 5:25 | Create | Villager (Male) |
| 5:25 | Create | Villager (Male) |
| 5:55 | Create | Fishing Ship |
| 6:05 | Create | Villager (Male) |
| 6:05 | Create | Villager (Male) |
| 6:06 | Create | Villager (Male) |
| 6:14 | Build | House |
| 6:43 | Create | Villager (Male) |
| 6:43 | Create | Villager (Male) |
| 6:51 | Create | Fishing Ship |
| 7:03 | Create | Villager (Male) |
| 7:18 | Create | Fishing Ship |
| 7:32 | Create | Villager (Male) |
| 7:41 | Build | House |
| 7:49 | Create | Villager (Male) |
| 7:49 | Create | Villager (Male) |
| 7:49 | Create | Villager (Male) |
| 8:11 | Create | Villager (Male) |
| 8:13 | Create | Fishing Ship |
| 8:52 | Create | Villager (Male) |
| 8:57 | Create | Fishing Ship |
| 9:05 | Build | House |
| 9:09 | Create | Villager (Male) |
| 9:27 | Build | Palisade Wall |
| 9:39 | Create | Villager (Male) |
| 10:05 | Build | Lumber Camp |
| 10:28 | Research | Feudal Age |
| 11:33 | Build | Mining Camp |
| 11:41 | Create | Villager (Male) |
| 11:41 | Create | Villager (Male) |
| 11:42 | Create | Villager (Male) |
| 11:42 | Create | Villager (Male) |
| 11:42 | Create | Villager (Male) |
| 11:42 | Create | Villager (Male) |
| 11:59 | Build | Dock |
| 12:28 | Build | House |
| 12:38 | Age | Feudal Age |
| 12:42 | Create | Galley |
| 12:47 | Create | Fire Galley |
| 12:50 | Research | Double-Bit Axe |
| 13:11 | Build | House |
| 13:17 | Create | Galley |
| 13:22 | Create | Fire Galley |
| 13:47 | Build | Blacksmith |
| 13:50 | Create | Villager (Male) |
| 13:51 | Create | Villager (Male) |
| 13:51 | Create | Villager (Male) |
| 13:51 | Create | Villager (Male) |
| 14:39 | Create | Galley |
| 14:39 | Create | Fire Galley |
| 14:57 | Create | Villager (Male) |
| 15:09 | Build | Stone Wall |
| 15:18 | Create | Galley |
| 15:18 | Create | Fire Galley |
| 15:20 | Research | Fletching |
| 15:40 | Research | Town Watch |
| 15:45 | Build | House |
| 15:49 | Build | House |
| 15:49 | Build | House |
| 15:58 | Build | Palisade Wall |
| 16:14 | Create | Villager (Male) |
| 16:14 | Create | Villager (Male) |
| 16:15 | Create | Villager (Male) |
| 16:15 | Create | Villager (Male) |
| 16:42 | Build | Stone Wall |
| 17:07 | Create | Villager (Male) |
| 17:08 | Create | Villager (Male) |
| 17:08 | Create | Villager (Male) |
| 17:08 | Create | Villager (Male) |
| 17:40 | Create | Villager (Male) |
| 17:58 | Build | Watch Tower |
| 18:02 | Create | Villager (Male) |
| 18:02 | Create | Villager (Male) |
| 18:02 | Create | Villager (Male) |
| 18:18 | Build | Dock |
| 18:59 | Build | Watch Tower |
| 19:06 | Create | Villager (Male) |
| 19:07 | Create | Villager (Male) |
| 19:30 | Create | Villager (Male) |
| 19:30 | Create | Villager (Male) |
| 20:14 | Build | Palisade Gate |
| 20:18 | Build | House |
| 20:50 | Build | Palisade Gate |
| 20:56 | Build | House |
| 21:34 | Build | Mining Camp |
| 22:00 | Build | Stone Wall |
Build order — Snarkegard
First 150 of 413 actions detected
| 0:04 | Build | Town Center |
| 0:59 | Build | Dock |
| 1:25 | Build | House |
| 2:39 | Create | Villager (Male) |
| 2:39 | Create | Villager (Male) |
| 2:39 | Create | Villager (Male) |
| 2:39 | Create | Villager (Male) |
| 2:40 | Create | Villager (Male) |
| 3:35 | Research | Loom |
| 3:47 | Create | Villager (Male) |
| 3:48 | Create | Villager (Male) |
| 3:55 | Create | Fishing Ship |
| 4:36 | Create | Fishing Ship |
| 5:14 | Create | Villager (Male) |
| 5:34 | Create | Fishing Ship |
| 5:50 | Create | Villager (Male) |
| 5:50 | Create | Villager (Male) |
| 5:53 | Build | House |
| 6:13 | Create | Villager (Male) |
| 6:13 | Create | Villager (Male) |
| 6:47 | Create | Villager (Male) |
| 6:47 | Create | Villager (Male) |
| 6:51 | Create | Fishing Ship |
| 7:11 | Create | Villager (Male) |
| 7:28 | Build | House |
| 7:29 | Create | Villager (Male) |
| 7:44 | Create | Fishing Ship |
| 7:45 | Create | Villager (Male) |
| 7:45 | Create | Villager (Male) |
| 8:06 | Create | Villager (Male) |
| 8:20 | Create | Villager (Male) |
| 8:20 | Create | Villager (Male) |
| 8:30 | Build | House |
| 8:45 | Create | Fishing Ship |
| 9:07 | Create | Villager (Male) |
| 9:07 | Create | Fishing Ship |
| 9:16 | Build | House |
| 9:28 | Create | Villager (Male) |
| 9:28 | Create | Villager (Male) |
| 9:30 | Create | Fishing Ship |
| 9:50 | Build | House |
| 10:35 | Create | Villager (Male) |
| 10:35 | Create | Villager (Male) |
| 10:35 | Create | Villager (Male) |
| 10:38 | Create | Fishing Ship |
| 10:48 | Build | Lumber Camp |
| 11:27 | Research | Feudal Age |
| 11:56 | Build | Mining Camp |
| 12:20 | Create | Villager (Male) |
| 12:41 | Build | Dock |
| 12:45 | Age | Feudal Age |
| 12:54 | Create | Villager (Male) |
| 12:54 | Create | Villager (Male) |
| 13:01 | Research | Double-Bit Axe |
| 13:26 | Create | Fishing Ship |
| 13:32 | Create | Villager (Male) |
| 13:39 | Build | Mill |
| 13:56 | Create | Villager (Male) |
| 14:01 | Build | Blacksmith |
| 14:10 | Create | Fishing Ship |
| 14:41 | Build | Market |
| 14:46 | Create | Villager (Male) |
| 14:59 | Build | House |
| 15:02 | Create | Demolition Raft |
| 15:11 | Create | Villager (Male) |
| 15:14 | Create | Fishing Ship |
| 15:30 | Research | Castle Age |
| 15:42 | Create | Unit 2626 |
| 15:43 | Create | Unit 2626 |
| 15:54 | Create | Fire Galley |
| 16:29 | Create | Unit 2626 |
| 16:35 | Create | Fire Galley |
| 16:46 | Build | Dock |
| 17:16 | Age | Castle Age |
| 17:30 | Research | War Galley (upgrade) |
| 17:34 | Create | Villager (Male) |
| 17:34 | Create | Villager (Male) |
| 17:44 | Build | Town Center |
| 18:08 | Create | Unit 2626 |
| 18:08 | Create | Unit 2626 |
| 18:14 | Create | Villager (Male) |
| 18:21 | Create | Villager (Male) |
| 18:28 | Create | Galley |
| 18:51 | Create | Galley |
| 18:51 | Create | Villager (Male) |
| 19:02 | Build | House |
| 19:03 | Build | House |
| 19:12 | Create | Villager (Male) |
| 19:14 | Create | Villager (Male) |
| 19:19 | Create | Villager (Male) |
| 19:21 | Create | Villager (Male) |
| 19:21 | Create | Villager (Male) |
| 19:37 | Build | Dock |
| 20:09 | Create | Villager (Male) |
| 20:09 | Create | Villager (Male) |
| 20:10 | Create | Villager (Male) |
| 20:15 | Build | Town Center |
| 20:20 | Create | Villager (Male) |
| 20:20 | Create | Villager (Male) |
| 20:53 | Build | Dock |
| 21:07 | Build | Barracks |
| 21:08 | Create | Villager (Male) |
| 21:24 | Create | Villager (Male) |
| 21:25 | Create | Villager (Male) |
| 21:26 | Create | Villager (Male) |
| 21:26 | Create | Villager (Male) |
| 21:30 | Create | Villager (Male) |
| 21:31 | Create | Villager (Male) |
| 21:35 | Create | Unit 2626 |
| 21:37 | Create | Villager (Male) |
| 21:44 | Build | Lumber Camp |
| 22:01 | Create | Fishing Ship |
| 22:11 | Create | Villager (Male) |
| 22:14 | Build | Farm |
| 22:20 | Build | House |
| 22:22 | Create | Villager (Male) |
| 22:30 | Build | Archery Range |
| 22:31 | Build | Archery Range |
| 22:37 | Create | Spearman |
| 22:37 | Create | Spearman |
| 22:58 | Build | Town Center |
| 23:01 | Create | Spearman |
| 23:03 | Create | Villager (Male) |
| 23:03 | Create | Villager (Male) |
| 23:18 | Create | Villager (Male) |
| 23:19 | Create | Villager (Male) |
| 23:38 | Create | Villager (Male) |
| 23:46 | Build | Mining Camp |
| 23:47 | Create | Villager (Male) |
| 23:59 | Research | Fletching |
| 23:59 | Research | Fletching |
| 24:03 | Research | Wheelbarrow |
| 24:03 | Create | Villager (Male) |
| 24:04 | Create | Villager (Male) |
| 24:04 | Create | Villager (Male) |
| 24:10 | Create | Spearman |
| 24:11 | Create | Spearman |
| 24:18 | Build | Archery Range |
| 24:18 | Build | Archery Range |
| 24:19 | Build | Archery Range |
| 24:21 | Create | Villager (Male) |
| 24:28 | Create | Villager (Male) |
| 24:47 | Research | Pikeman (upgrade) |
| 24:53 | Create | Archer |
| 24:53 | Create | Archer |
| 24:54 | Create | Archer |
| 24:57 | Create | Spearman |
| 24:57 | Create | Spearman |
| 25:07 | Create | Spearman |
| 25:09 | Create | Villager (Male) |
Match timeline
| 0:15 | :) Sir panky mata lobos · first_building Dock |
| 0:36 | 罩wo · first_building Dock |
| 0:57 | Eat_Rice · first_building Dock |
| 0:59 | Snarkegard · first_building Dock |
| 1:05 | 小刀 · first_building Dock |
| 1:40 | Darth Yoda · first_building Dock |
| 1:56 | 飘雪 · first_building Dock |
| 2:02 | 飘雪 · wall_segment Palisade Wall x1 |
| 2:31 | Darth Yoda · wall_segment Palisade Wall x1 |
| 2:50 | 飘雪 · wall_segment Palisade Wall x1 |
| 6:59 | Bandolero · first_building Dock |
| 9:27 | :) Sir panky mata lobos · wall_segment Palisade Wall x1 |
| 10:43 | Darth Yoda · wall_segment Palisade Wall x1 |
| 11:39 | 罩wo · first_building Barracks |
| 12:29 | Eat_Rice · age_up feudal |
| 12:34 | 小刀 · age_up feudal |
| 12:38 | :) Sir panky mata lobos · age_up feudal |
| 12:45 | Snarkegard · age_up feudal |
| 12:47 | 飘雪 · wall_segment Palisade Wall x1 |
| 12:48 | 飘雪 · wall_segment Palisade Wall x1 |
| 13:02 | 罩wo · age_up feudal |
| 13:38 | 飘雪 · age_up feudal |
| 13:45 | Darth Yoda · age_up feudal |
| 15:04 | Eat_Rice · wall_segment Palisade Wall x1 |
| 15:09 | :) Sir panky mata lobos · wall_segment Stone Wall x13 |
| 15:23 | Bandolero · age_up feudal |
| 15:40 | Bandolero · wall_segment Palisade Wall x1 |
| 15:58 | :) Sir panky mata lobos · wall_segment Palisade Wall x4 |
| 16:00 | Bandolero · wall_segment Palisade Wall x1 |
| 16:42 | :) Sir panky mata lobos · wall_segment Stone Wall x11 |
| 17:12 | Bandolero · first_building Barracks |
| 17:16 | Snarkegard · age_up castle |
| 17:31 | Eat_Rice · age_up castle |
| 17:34 | Darth Yoda · age_up castle |
| 17:38 | 罩wo · first_market_buy 100 food |
| 17:40 | Eat_Rice · first_market_buy 100 stone |
| 17:43 | Eat_Rice · first_building Castle |
| 17:51 | 飘雪 · wall_segment Palisade Wall x1 |
| 17:56 | Bandolero · first_building Stable |
| 18:44 | Darth Yoda · first_market_buy 100 food |
| 19:45 | Bandolero · age_up castle |
| 20:11 | 小刀 · age_up castle |
| 20:21 | 罩wo · age_up castle |
| 20:27 | 罩wo · first_building Siege Workshop |
| 20:37 | Bandolero · first_market_buy 100 stone |
| 20:50 | Darth Yoda · first_building Barracks |
| 21:07 | Snarkegard · first_building Barracks |
| 21:29 | 飘雪 · age_up castle |
| 21:42 | Darth Yoda · first_building Stable |
| 22:00 | :) Sir panky mata lobos · wall_segment Stone Wall x8 |
| 22:23 | 飘雪 · first_building Barracks |
| 22:30 | Snarkegard · first_building Archery Range |
| 22:37 | :) Sir panky mata lobos · resign |
| 22:49 | 飘雪 · first_building Castle |
| 22:56 | Snarkegard · first_market_buy 100 stone |
| 23:40 | 飘雪 · first_building Archery Range |
| 24:47 | 罩wo · first_building Castle |
| 24:54 | Bandolero · first_building Monastery |
| 25:09 | Darth Yoda · first_market_sell 100 wood |
| 25:27 | Snarkegard · first_building Siege Workshop |
| 25:33 | 小刀 · first_building Barracks |
| 26:20 | 小刀 · first_building Stable |
| 26:50 | 罩wo · wall_segment Palisade Wall x5 |
| 27:06 | Snarkegard · wall_segment Stone Wall x1 |
| 28:40 | 罩wo · first_building Krepost |
| 29:02 | 小刀 · first_market_buy 100 stone |
| 29:05 | Snarkegard · wall_segment Stone Wall x16 |
| 29:09 | 小刀 · first_building Castle |
| 29:10 | 飘雪 · first_building Stable |
| 29:23 | Bandolero · first_market_sell 100 wood |
| 30:10 | Snarkegard · first_building Castle |
| 31:26 | Eat_Rice · first_building Siege Workshop |
| 32:27 | Snarkegard · wall_segment Stone Wall x1 |
| 32:35 | Darth Yoda · first_building Castle |
| 32:41 | Bandolero · first_building Castle |
| 32:43 | Snarkegard · first_building Monastery |
| 33:32 | 飘雪 · wall_segment Palisade Wall x1 |
| 34:06 | 小刀 · age_up imperial |
| 34:11 | Snarkegard · wall_segment Stone Wall x1 |
| 34:36 | 小刀 · wall_segment Stone Wall x12 |
| 35:19 | 罩wo · first_building Archery Range |
| 37:14 | Darth Yoda · age_up imperial |
| 37:59 | Darth Yoda · tribute_sent a jugador 1 |
| 37:59 | Darth Yoda · tribute_sent a jugador 2 |
| 37:59 | Darth Yoda · tribute_sent a jugador 3 |
| 37:59 | Darth Yoda · tribute_sent a jugador 4 |
| 37:59 | Darth Yoda · tribute_sent a jugador 6 |
| 37:59 | Darth Yoda · tribute_sent a jugador 7 |
| 37:59 | Darth Yoda · tribute_sent a jugador 8 |
| 38:30 | Snarkegard · age_up imperial |
| 38:34 | Snarkegard · first_market_sell 500 food |
| 39:24 | Darth Yoda · tribute_sent a jugador 1 |
| 39:24 | Darth Yoda · tribute_sent a jugador 2 |
| 39:24 | Darth Yoda · tribute_sent a jugador 3 |
| 39:24 | Darth Yoda · tribute_sent a jugador 4 |
| 39:24 | Darth Yoda · tribute_sent a jugador 6 |
| 39:24 | Darth Yoda · tribute_sent a jugador 7 |
| 39:24 | Darth Yoda · tribute_sent a jugador 8 |
| 39:29 | Darth Yoda · tribute_sent a jugador 1 |
| 39:29 | Darth Yoda · tribute_sent a jugador 2 |
| 39:29 | Darth Yoda · tribute_sent a jugador 3 |
| 39:29 | Darth Yoda · tribute_sent a jugador 4 |
| 39:29 | Darth Yoda · tribute_sent a jugador 6 |
| 39:29 | Darth Yoda · tribute_sent a jugador 7 |
| 39:29 | Darth Yoda · tribute_sent a jugador 8 |
| 40:12 | 小刀 · first_market_sell 500 wood |
| 40:40 | Darth Yoda · first_building Siege Workshop |
| 41:23 | 飘雪 · age_up imperial |
| 41:31 | Darth Yoda · tribute_sent a jugador 1 |
| 41:31 | Darth Yoda · tribute_sent a jugador 2 |
| 41:31 | Darth Yoda · tribute_sent a jugador 3 |
| 41:31 | Darth Yoda · tribute_sent a jugador 4 |
| 41:31 | Darth Yoda · tribute_sent a jugador 6 |
| 41:31 | Darth Yoda · tribute_sent a jugador 7 |
| 41:31 | Darth Yoda · tribute_sent a jugador 8 |
[ AI ANALYSIS · 1 CREDIT ]
What really happened in this match?
Wolo.gg analyzes every decision: build order, eco, micro, common mistakes by bracket. Personalized analysis on WhatsApp or Discord in 30 seconds.
Civ guide
Persians
Perfil
Jugador #304309